 Dungeon Crawl Stone Soup version 0.21-a0-496-g696f58f (webtiles) character file.

107 noon the Insei (level 4, -4/34 HPs)
             Began as a Merfolk Transmuter on Nov 23, 2017.
             Slain by an adder (5 damage)
             ... on level 2 of the Dungeon.
             The game lasted 00:13:47 (2331 turns).

noon the Insei (Merfolk Transmuter)                 Turns: 2331, Time: 00:13:48

Health: -4/34      AC:  0    Str: 11    XL:     4   Next: 85%
Magic:  6/7        EV: 14    Int: 12    God:
Gold:   62         SH:  0    Dex: 14    Spells: 3/7 levels left

rFire    . . .     SeeInvis .     - Unarmed
rCold    . . .     Gourm    .   (no shield)
rNeg     . . .     Faith    .   (no armour)
rPois    .         Spirit   .   (no helmet)
rElec    .         Reflect  .   (no cloak)
rCorr    .         Harm     .   (no gloves)
MR       .....                  (no boots)
Stlth    +.........             (no amulet)
HPRegen  0.11/turn              (no ring)
MPRegen  0.10/turn              (no ring)

@: lethally poisoned (-4 -> -11), appendage
A: change form in water, swift swim, stealthy swim, horns 2
a: End Transformation


You were on level 2 of the Dungeon.
You were very hungry.
You had grown temporary horns.
You visited 1 branch of the dungeon, and saw 2 of its levels.

You collected 62 gold pieces.

Inventory:

Hand Weapons
 e - a +0 hunting sling
Missiles
 a - 30 arrows
 f - 15 sling bullets
 h - 21 stones (quivered)
Armour
 b - a +0 robe
 l - a +0 ring mail
Wands
 t - a wand of acid (7)
Scrolls
 g - a scroll of remove curse {unknown}
 m - 4 scrolls of identify {unknown}
 p - a scroll of amnesia {unknown}
 q - a scroll of enchant weapon {unknown}
Potions
 i - a potion of brilliance {unknown}
 j - 2 potions of curing {unknown}
 r - a potion of flight {unknown}
 s - a potion of berserk rage {unknown}
Books
 c - a book of Changes

   Spells                             Type                      Level
   a - Beastly Appendage              Transmutation                1
   b - Sticks to Snakes               Transmutation                2
   c - Spider Form                    Transmutation/Poison         3
   d - Ice Form                       Ice/Transmutation            4
   e - Blade Hands                    Transmutation                5
Comestibles
 d - a bread ration
 n - 4 fruits
 o - 2 meat rations


   Skills:
 + Level 2.5 Fighting
 + Level 4.0 Dodging
 + Level 4.1 Unarmed Combat
 - Level 2.0 Spellcasting
 + Level 3.9 Transmutations


You had 3 spell levels left.
You knew the following spells:

 Your Spells              Type           Power        Failure   Level  Hunger
a - Beastly Appendage     Tmut           ##....       5%          1    ##.....
b - Spider Form           Tmut/Pois      #.........   34%         3    ####...


Dungeon Overview and Level Annotations

Branches:
Dungeon (2/15)

Altars:

Annotations:
D:2 Sigmund


Innate Abilities, Weirdness & Mutations

You revert to your normal form in water.
You are very nimble and swift while swimming.
You are very stealthy in the water. (Stealth+)
You have a pair of horns on your head.


Message History

The adder poisons you!
You closely miss the adder.
You feel sick. The adder bites you.
Sigmund screams, "Don't try to resist!"
You miss the adder. You headbutt the adder.
The adder is heavily wounded.
You feel sick. The adder bites you. The adder misses you.
You closely miss the adder.
The adder is heavily wounded.
The bat hits you. The adder bites you.
* * * LOW HITPOINT WARNING * * *
You hit the adder.
The adder is severely wounded.
* * * LOW HITPOINT WARNING * * *
You feel sick. The bat hits you.
* * * LOW HITPOINT WARNING * * *
The adder bites you.
* * * LOW HITPOINT WARNING * * *
* * * LOW HITPOINT WARNING * * *
You feel sick. The bat closely misses you. The adder bites you.
You die...

##.##.# #.##..## #.# ##.##.#
#.##...# #.# ......# #.###..#
#####@#### ##'#### #.# #..#
#......... #...## #.###..##
#@###.###. .....## #.......#####
#.###.# #. ......##
###.#.#.#.#.###.....# #.
.......####....[.S....##....####.
.......'...#.#.#@#)#.#...........
.......####....[.b...........###.
......## ##.#.#.#)#.#.#.#.#.# ##
.....## #............#.###.# #
#...## ###.#.#.#.#.#.#.....#
##+## #.............#####.# #.#
#.#.#.#.#.#.#.# #.# ##.#
#.............#####.# ##.##
#.#.#.#.#.#.#.......#


You could see an adder and a bat.

Vanquished Creatures
  An orc wizard (D:2)
  A gnoll (D:1)
  2 oozes (D:2)
  A worm (D:2)
  3 dart slugs (D:1)
  2 orcs (D:2)
  4 bats
  4 giant cockroaches
  7 goblins
  5 hobgoblins
  A jackal (D:2)
  A quokka (D:2)
  A ball python (D:1)
  5 frilled lizards
  3 kobolds
  3 rats
44 creatures vanquished.

Vanquished Creatures (others)
  An orc (D:2)
1 creature vanquished.

Grand Total: 45 creatures vanquished

Notes
Turn   | Place    | Note
-------+----------+-------------------------------------------
     0 | D:1      | noon the Merfolk Transmuter began the quest for the Orb.
     0 | D:1      | Reached XP level 1. HP: 15/15 MP: 3/3
   453 | D:1      | Reached XP level 2. HP: 21/21 MP: 3/5
  1049 | D:1      | Reached XP level 3. HP: 27/27 MP: 4/6
  1142 | D:1      | Learned a level 3 spell: Spider Form
  1797 | D:2      | Reached XP level 4. HP: 28/33 MP: 3/7
  2125 | D:2      | Noticed Sigmund
  2331 | D:2      | HP: 1/34 [poisoned by an adder]
  2331 | D:2      | Slain by an adder

Vault maps used:
D:1:      tarquinn_simple_flora_water_f, st_stairs_3, patterned_corridor
D:2:      minmay_diamond_boxcup, st_stairs_10, kennysheep_generic_room_16,
          uniq_sigmund

Skill      XL: |  1  2  3  4 |
---------------+-------------+-----
Dodging        | 3 4 |  4.0
Transmutations | 3 |  3.9
Fighting       | 2 |  2.5
Unarmed Combat | 4 |  4.1
Spellcasting   | |  2.0

Action                   |  1- 3 |  4- 6 || total
-------------------------+-------+-------++-------
Melee: Unarmed           |   103 |    38 ||   141
       Punch             |     3 |       ||     3
       Headbutt          |     7 |     1 ||     8
 Cast: Beastly Appendage |    10 |     3 ||    13
       Spider Form       |     4 |     2 ||     6
 Stab: Sleeping          |     3 |       ||     3
  Eat: Chunk             |     4 |     1 ||     5
Armor: Skin              |     1 |       ||     1
Dodge: Dodged            |    82 |    69 ||   151

Table legend:
 A = Spawn XP
 B = Non-spawn XP
 C = Spawn XP percentage of total XP
 D = Spawn monster count
 E = Non-spawn monster count
 F = Spawn count percentage of total count
 G = Total turns spent on level
                    A         B        C        D         E        F      G
               +---------+---------+-------+---------+---------+-------+---------
         Total |       0 |     153 |   0.0 |       0 |      45 |   0.0 |  2331
               +---------+---------+-------+---------+---------+-------+---------
           D:1 |       0 |      54 |   0.0 |       0 |      21 |   0.0 |  1721
           D:2 |       0 |      99 |   0.0 |       0 |      24 |   0.0 |   610
               +---------+---------+-------+---------+---------+-------+---------
